 Dungeon Crawl Stone Soup version 0.20.1-1-g8b1a95d (webtiles) character file.

1460 Saithnar the Skirmisher (level 8, -6/105 HPs)
             Began as a Red Draconian Berserker on Aug 17, 2017.
             Was a Priest of Trog.
             Mangled by Prince Ribbit (9 damage)
             ... on level 7 of the Dungeon.
             The game lasted 00:51:43 (6786 turns).

Saithnar the Skirmisher (Red Draconian Berserker)   Turns: 6786, Time: 00:51:43

Health: -6/105     AC: 24    Str: 22    XL:     8   Next: 48%
Magic:  8/8        EV:  2    Int: 13    God:    Trog [***...]
Gold:   217        SH:  0    Dex: 10    Spells: 7/7 levels left

rFire    . . .     SeeInvis .   M - -2 dagger (curse)
rCold    . . .     Gourm    .   (no shield)
rNeg     + + +     Faith    +   (armour unavailable)
rPois    +         Spirit   .   (helmet currently unavailable)
rElec    .         Reflect  .   (cloak currently unavailable)
rCorr    .         Harm     .   (gloves currently unavailable)
MR       .....     NoTele   +   (boots currently unavailable)
Stlth    +.........             n - amulet of faith
Regen    0.3/turn               O - ring of wizardry
MPRegen  0.2/turn               (no ring)

@: brilliant, tree-form
A: (breathe fire), unfitting armour, AC +6
a: Berserk, Trog's Hand, Burn Spellbooks, Renounce Religion


You were on level 7 of the Dungeon.
You worshipped Trog.
Trog was most pleased with you.
You were full.
You were a tree.
You visited 1 branch of the dungeon, and saw 7 of its levels.

You collected 217 gold pieces.

Inventory:

Hand Weapons
 a - a +0 mace
 c - a +3 flail
 i - a +1 dagger of venom
 m - a +1 antimagic short sword
 o - a cursed -2 hunting sling
 u - a +0 hunting sling
 B - a +0 rapier
 C - a +2 antimagic flail
 D - the +9 hand axe "Yziruept" {antimagic, rF+ MR+ Int-3}
   (You found it on level 4 of the Dungeon)

   It reduces the magical energy of the wielder, and disrupts the spells and
   magical abilities of those hit.
   Natural abilities and divine invocations are not affected.
   It affects your intelligence (-3).
   It protects you from fire.
   It affects your resistance to hostile enchantments.
 F - a +0 giant club
 H - a +0 long sword
 L - a +0 mace of holy wrath
 M - a cursed -2 dagger (weapon)
Armour
 j - a +0 pair of boots (melded)
 I - a +0 chain mail
Jewellery
 n - an amulet of faith (around neck)
 O - a ring of wizardry (left branch)
Wands
 e - a wand of disintegration (12/24)
 h - a wand of random effects (33/48)
 J - a wand of random effects (33/48)
 K - a wand of acid (0/15)
Scrolls
 d - a scroll of teleportation
 p - a scroll of enchant armour {unknown}
 q - a scroll of magic mapping {unknown}
 s - 2 scrolls of amnesia {unknown}
 w - a scroll of random uselessness {unknown}
 y - 2 scrolls of identify
 G - a scroll of enchant weapon {unknown}
 N - a scroll of recharging {unknown}
Potions
 t - 2 potions of cancellation {unknown}
 x - 2 potions of invisibility {unknown}
 E - a potion of magic {unknown}
Comestibles
 b - 5 bread rations
 g - 4 fruits
 v - 3 royal jellies
 z - a meat ration


   Skills:
 + Level 6.3 Fighting
 - Level 3.8 Short Blades
 * Level 5.7(6.3) Axes
 - Level 4.0(5.5) Maces & Flails
 + Level 5.5 Dodging


You had 7 spell levels left.
You didn't know any spells.

Dungeon Overview and Level Annotations

Branches:
Dungeon (7/15)
 Temple: D:4-7

Altars:
Ashenzari
Elyvilon
Fedhas
Gozag
Qazlal
Uskayaw
The Shining One

Shops:
D:4 :

Annotations:
D:7 Prince Ribbit


Innate Abilities, Weirdness & Mutations

((You can breathe blasts of fire.))
((Your fiery red scales are hard. (AC +6)))
You cannot fit into any form of body armour.
((Your flesh is heat resistant. (rF+)))
((You are cold-blooded and may be slowed by cold attacks.))


Message History

The acid corrodes Prince Ribbit!
Prince Ribbit is severely wounded.
Evoking this partially-identified wand wasted a few charges.
Prince Ribbit mumbles some strange words.
Prince Ribbit looks slightly unstable.
Evoke which item? (* to show all) (? for menu, Esc to quit)
You don't have any such object.
Evoke which item? (* to show all) (? for menu, Esc to quit)
Okay, then.
Evoke which item? (* to show all) (? for menu, Esc to quit)
Aiming: Corrosive Bolt (will waste charges)
Press: ? - help, Shift-Dir - straight line, f/p - Prince Ribbit
Aim: Prince Ribbit (severely wounded, covered in acid) Nothing appears to happen.
Prince Ribbit hits you!
* * * LOW HITPOINT WARNING * * *
Prince Ribbit closely misses you.
You turn into a tree.
Your +0 pair of boots melds into your body.
Your roots penetrate the ground.
Prince Ribbit hits you!
You die...

###. ....
.....
#####.....
#.........
#.........
#..F.....$
#.♣)......
#####.....
... .


You could see Prince Ribbit.

Vanquished Creatures
  A hippogriff (D:6)
  A phantom (D:6)
  6 ogres
  A bullfrog zombie (D:5)
  3 orc priests
  3 jellies (D:6)
  2 orc wizards
  2 iguanas (D:6)
  Natasha (thrice) (D:3)
  2 worker ants
  A hound skeleton (D:4)
  A worker ant zombie (D:6)
  4 gnolls (D:3)
  A howler monkey skeleton (D:6)
  6 adders
  A shadow imp (D:6)
  2 oozes
  An adder skeleton (D:6)
  A worm (D:2)
  A dart slug (D:2)
  2 leopard geckos
  17 orcs
  4 giant cockroaches
  8 goblins
  6 hobgoblins
  4 jackals
  A quokka (D:4)
  A ball python skeleton (D:4)
  9 bats
  3 frilled lizards
  6 kobolds
  A quokka zombie (D:6)
  4 rats
109 creatures vanquished.

Vanquished Creatures (others)
  A ball python (D:1)
  A goblin (D:1)
  5 fungi (D:6)
7 creatures vanquished.

Grand Total: 116 creatures vanquished

Notes
Turn   | Place    | Note
-------+----------+-------------------------------------------
     0 | D:1      | Saithnar the Draconian Berserker began the quest for the Orb.
     0 | D:1      | Reached XP level 1. HP: 19/19 MP: 1/1
   532 | D:1      | Reached XP level 2. HP: 22/26 MP: 2/2
  1209 | D:2      | Reached XP level 3. HP: 31/31 MP: 3/3
  1384 | D:2      | Noticed a hand axe
  1384 | D:2      | Noticed a dagger
  1385 | D:2      | Found a hide-covered altar of Uskayaw.
  1503 | D:2      | Reached ** piety under Trog
  1703 | D:2      | Found a stormy altar of Qazlal.
  1933 | D:3      | Reached skill level 1 in Short Blades
  1937 | D:3      | Reached XP level 4. HP: 37/40 MP: 4/4
  2095 | D:3      | Noticed Natasha
  2111 | D:3      | Killed Natasha
  2111 | D:3      | Reached skill level 4 in Fighting
  2111 | D:3      | Reached XP level 5. HP: 46/46 MP: 1/5
  2205 | D:3      | Found an opulent altar of Gozag.
  2382 | D:3      | Noticed Natasha
  2390 | D:3      | Killed Natasha
  2407 | D:3      | Noticed Natasha
  2415 | D:3      | Killed Natasha
  3231 | D:3      | Reached XP level 6. HP: 48/52 MP: 6/6
  3308 | D:4      | Found a white marble altar of Elyvilon.
  3374 | D:4      | Found Tat Ahor's Book Shop.
  3807 | D:4      | Found a blossoming altar of Fedhas.
  3835 | D:4      | Got a crude hand axe
  3837 | D:4      | Identified the +9 hand axe "Yziruept" {antimagic, rF+ MR+ Int-3} (You found it on level 4 of the Dungeon)
  3879 | D:4      | Reached skill level 1 in Axes
  4129 | D:4      | Your scales start taking on a fiery red colour.
  4129 | D:4      | Reached XP level 7. HP: 44/60 MP: 2/7
  4129 | D:4      | Gained mutation: Your flesh is heat resistant. (rF+) [Red Draconian growth]
  4234 | D:4      | Found a shattered altar of Ashenzari.
  4393 | D:4      | Reached skill level 5 in Fighting
  4513 | D:4      | Reached *** piety under Trog
  4593 | D:5      | Entered Level 5 of the Dungeon
  5520 | D:6      | Noticed a hippogriff
  5530 | D:6      | Killed a hippogriff
  5530 | D:6      | Reached skill level 5 in Dodging
  5583 | D:6      | Reached XP level 8. HP: 55/70 MP: 2/8
  6087 | D:6      | Reached skill level 6 in Fighting
  6087 | D:6      | Reached skill level 5 in Axes
  6232 | D:6      | Found a glowing golden altar of the Shining One.
  6728 | D:6      | HP: 4/105 [acid (4)]
  6757 | D:7      | Noticed Prince Ribbit
  6785 | D:7      | HP: 2/70 [Prince Ribbit (14)]
  6786 | D:7      | Mangled by Prince Ribbit

Skill      XL: |  1  2  3  4  5  6  7  8 |
---------------+-------------------------+-----
Maces & Flails | 4 |  4.0
Dodging        | 3 4 5 |  5.5
Short Blades   | 1 2 3 |  3.8
Fighting       | 4 5 6 |  6.3
Axes           | 2 4 5 |  5.7

Action                   |  1- 3 |  4- 6 |  7- 9 || total
-------------------------+-------+-------+-------++-------
Melee: Mace              |    23 |       |       ||    23
       Tailslap          |     5 |    16 |    22 ||    43
       Dagger            |    86 |    82 |    73 ||   241
       Short sword       |       |    17 |       ||    17
       Hand axe          |       |    13 |    98 ||   111
Invok: Trog's Hand       |     1 |     2 |     2 ||     5
       Berserk           |     1 |     2 |     1 ||     4
 Abil: Breathe Fire      |       |       |     2 ||     2
Evoke: Wand              |       |     1 |     1 ||     2
  Use: Scroll            |     7 |     1 |     5 ||    13
       Potion            |       |     4 |     6 ||    10
  Eat: Chunk             |     1 |       |       ||     1
       Meat ration       |     1 |     1 |     1 ||     3
       Bread ration      |       |     1 |     2 ||     3
Armor: Skin              |    54 |    18 |    68 ||   140
Dodge: Dodged            |    97 |    61 |   104 ||   262
